 Dungeon Sprint DCSS version 0.27.1-33-g824d729ab1 (webtiles) character file.

Game seed: 6651776760670855385

635 manyhoops the Thrower (level 7, -2/78 HPs)
             Began as an Ogre Hunter on Nov 25, 2021.
             Slain by Sonja (6 damage)
             ... in the Dungeon (Sprint I: "Red Sonja").
             The game lasted 00:02:25 (770 turns).

manyhoops the Thrower (Ogre Hunter)                  Turns: 770, Time: 00:02:26

Health: -2/78      AC:  3    Str: 19    XL:     7   Next: 50%
Magic:  7/7        EV:  9    Int: 12    God:
Gold:   363        SH:  0    Dex:  9    Spells: 6/6 levels left

rFire    . . .     SeeInvis .   m - +0 great mace
rCold    . . .     Faith    .   (shield currently unavailable)
rNeg     . . .     Spirit   .   b - +0 robe
rPois    .         Reflect  .   (helmet restricted)
rElec    .         Harm     .   (no cloak)
rCorr    .         Rampage  .   (gloves unavailable)
Will     .....     NoTele   +   (boots unavailable)
Stlth    +.........             (no amulet)
HPRegen  0.23/turn              (no ring)
MPRegen  0.10/turn              (no ring)

@: lethally poisoned (-2 -> -3), slowed, very slow
A: large, unfitting armour, tough skin 1
a: no special abilities


You were in the Dungeon.
You visited 1 branch You collected 434 gold pieces.
You spent 71 gold pieces at shops.

Inventory:

Hand Weapons
 a - a +0 short sword
 l - a +0 giant spiked club
 m - a +0 great mace (weapon)
Missiles
 c - 2 large rocks (quivered)
 f - 13 poisoned darts
Armour
 b - a +0 robe (worn)
Wands
 k - a wand of flame (15)
Scrolls
 j - a scroll of blinking
Potions
 g - a potion of haste
 h - 2 potions of magic
 i - a potion of berserk rage


   Skills:
 - Level 7.3 Fighting
 + Level 3.3 Maces & Flails
 - Level 14.2 Throwing
 - Level 1.7 Dodging
 - Level 0.6 Stealth


You had 6 spell levels left.
You didn't know any spells.
Your spell library was empty.

Dungeon Overview and Level Annotations

Branches:
Dungeon (1/1)

Altars:
Cheibriados
Dithmenos
Elyvilon
Fedhas
Gozag
Hepliaklqana
Kikubaaqudgha
Makhleb
Nemelex Xobeh
Okawaru
Qazlal
Ru
Sif Muna
Trog
Uskayaw
Vehumet
Wu Jian
Xom
Yredelemnul
Zin
The Shining One
Jiyva
Lugonu

Shops:
D (

Annotations:
D Sonja


Innate Abilities, Weirdness & Mutations

You are too large for most types of armour.
You have tough skin. (AC +1)


Message History

Press: ? - help, Q - select action, (/) - cycle Shift-Dir - straight line, f/p - Sonja
Aim: Sonja, wielding a +1 short sword of venom and quivering curare-tipped darts (23% to hit)
You throw a large rock. The large rock completely misses Sonja.
You feel extremely sick.
Sonja hits you with a +1 short sword of venom!
You are more poisoned.
Sonja hits you with a +1 short sword of venom. x2
You are lethally poisoned!
Sonja hits you with a +1 short sword of venom. x2
You are more poisoned.
Sonja hits you with a +1 short sword of venom.
You are more poisoned.
Throw: 4 large rocks
Press: ? - help, Q - select action, (/) - cycle Shift-Dir - straight line, f/p - Sonja
Aim: Sonja, wielding a +1 short sword of venom and quivering curare-tipped darts (23% to hit)
You throw a large rock. The large rock barely misses Sonja.
* * * LOW HITPOINT WARNING * * *
You feel extremely sick. Sonja closely misses you.
Sonja hits you with a +1 short sword of venom.
* * * LOW HITPOINT WARNING * * *
You are more poisoned.
Sonja hits you with a +1 short sword of venom!
* * * LOW HITPOINT WARNING * * *
You feel better.
Sonja mumbles some strange words.
Sonja blinks!
Throw: 3 large rocks
Press: ? - help, Q - select action, (/) - cycle Shift-Dir - straight line, f/p - Sonja
Aim: Sonja, wielding a +1 short sword of venom and quivering curare-tipped darts (23% to hit)
You throw a large rock. The large rock closely misses Sonja.
Sonja throws a curare-tipped dart.
The curare-tipped dart hits you.
You are poisoned.
You have difficulty breathing.
* * * LOW HITPOINT WARNING * * *
You feel yourself slow down.
Okay, then.
You start resting.
You feel sick. x2
Sonja hits you with a +1 short sword of venom.
You die...

######################
#<.#..†..#..'..#__#..+
#..[..#..').#..'^.'..#
#..#####'#####'#__####
#..####..#.(.#.####
#..#__####..##.#≈≈§
#..#_____##K#_.+§§
#⌠⌠#_.∩...@..._#
####_..__##_.#'#
#_____###(#.# #######
.### .$ .$# .## +#


You could see Sonja.

Vanquished Creatures
  A slime creature (D)
  Sigmund (D)
  A yak (D)
  An ogre (D)
  A jelly (D)
  Ijyb (D)
6 creatures vanquished.

Notes
Turn   | Place    | Note
-------+----------+-------------------------------------------
     0 | D        | manyhoops the Ogre Hunter began the quest for the Orb.
     0 | D        | Reached XP level 1. HP: 22/22 MP: 1/1
     3 | D        | Noticed Ijyb
     6 | D        | Killed Ijyb
     7 | D        | Reached skill level 7 in Throwing
     7 | D        | Reached XP level 2. HP: 11/29 MP: 2/2
     7 | D        | Reached XP level 3. HP: 14/36 MP: 3/3
   194 | D        | Noticed an ogre
   196 | D        | Killed an ogre
   197 | D        | Reached skill level 10 in Throwing
   197 | D        | Reached XP level 4. HP: 33/44 MP: 4/4
   277 | D        | Noticed Sigmund
   279 | D        | Killed Sigmund
   280 | D        | Reached skill level 5 in Fighting
   280 | D        | Reached skill level 12 in Throwing
   280 | D        | Reached XP level 5. HP: 52/57 MP: 5/5
   280 | D        | Reached XP level 6. HP: 61/66 MP: 6/6
   334 | D        | Found an ornate altar of the Wu Jian Council.
   334 | D        | Found a shimmering blue altar of Sif Muna.
   336 | D        | Found a radiant altar of Vehumet.
   372 | D        | Found a viscous altar of Jiyva.
   372 | D        | Found a corrupted altar of Lugonu.
   372 | D        | Noticed a slime creature
   373 | D        | Found a burning altar of Makhleb.
   373 | D        | Found a shimmering altar of Xom.
   379 | D        | Killed a slime creature
   380 | D        | Reached skill level 14 in Throwing
   380 | D        | Reached XP level 7. HP: 23/72 MP: 7/7
   606 | D        | Found Jeagh's Weapon Emporium.
   606 | D        | Found an ancient bone altar of Kikubaaqudgha.
   606 | D        | Found a hazy altar of Hepliaklqana.
   606 | D        | Found a stormy altar of Qazlal.
   606 | D        | Found a hide-covered altar of Uskayaw.
   606 | D        | Found a blossoming altar of Fedhas.
   606 | D        | Found a bloodstained altar of Trog.
   606 | D        | Found an iron altar of Okawaru.
   606 | D        | Found a basalt altar of Yredelemnul.
   606 | D        | Found a glowing golden altar of the Shining One.
   606 | D        | Found a snail-covered altar of Cheibriados.
   606 | D        | Found a sacrificial altar of Ru.
   606 | D        | Found a glowing silver altar of Zin.
   606 | D        | Found a shadowy altar of Dithmenos.
   606 | D        | Found a white marble altar of Elyvilon.
   606 | D        | Noticed a yak
   608 | D        | Killed a yak
   609 | D        | Found an opulent altar of Gozag.
   611 | D        | Found a sparkling altar of Nemelex Xobeh.
   716 | D        | Bought a +0 great mace for 71 gold pieces
   761 | D        | Noticed Sonja
   766 | D        | HP: 1/78 [Sonja (10)]
   770 | D        | Slain by Sonja

Illustrated notes

Levels and vault maps discovered:
D:        dungeon_sprint_1 [red_sonja_temple_1, red_sonja_temple_small_1]

Skill      XL: |  1  2  3  4  5  6  7 |
---------------+----------------------+-----
Throwing       | 7 10 12 14 | 14.2
Fighting       | 5 7 |  7.3
Maces & Flails | 3 |  3.3
Dodging        | |  1.7
Stealth        | |  0.6

Action                   |  1- 3 |  4- 6 |  7- 9 || total
-------------------------+-------+-------+-------++-------
Throw: Large rock        |     5 |     9 |     5 ||    19
       Throwing net      |       |       |     2 ||     2
  Use: Potion            |       |     1 |     1 ||     2
Dodge: Dodged            |       |     3 |     1 ||     4
